[Event "Titled Tuesday Blitz June 13 Late 2023"]
[White "Elsa167"]
[Black "Seemann, Jakub"]
[BlackFideId "21874697"]
[WhiteElo "2876"]
[BlackElo "2364"]
[Result "1-0"]
[Round "7"]
[TimeControl "180+2"]
[Date "2023.06.13"]
[WhiteClock "0:00:04"]
[BlackClock "0:00:01"]
[Board "32"]

1. d4 Nf6 2. c4 g6 3. Nc3 Bg7 4. e4 O-O 5. h3 d6 6. Be3 c5 7. Nf3 Qa5 8. Bd3 Nc6 9. d5 Nb4 10. Bb1 e6 11. O-O e5 12. a3 Na6 13. Bc2 Qd8 14. Rb1 Nc7 15. b4 b6 16. Ba4 Bd7 17. Bxd7 Qxd7 18. Qc2 Rfb8 19. Rb2 a5 20. bxc5 bxc5 21. Rfb1 Rxb2 22. Qxb2 Nce8 23. Qb7 Qxb7 24. Rxb7 Kf8 25. a4 Ng8 26. Nd2 f5 27. Nb3 Bf6 28. f3 Bd8 29. Bd2 Ngf6 30. Kf2 fxe4 31. fxe4 Bc7 32. Ke2 Ke7 33. Kd3 Kd7 34. Rb5 Nh5 35. Ne2 Nef6 36. g4 Nf4+ 37. Nxf4 exf4 38. Bxf4 Re8 39. Nd2 Rf8 40. Bh6 Rf7 41. Rb1 Ng8 42. Be3 Ne7 43. e5 dxe5 44. Ne4 Rf3 45. Nxc5+ Kc8 46. Ne4 Nf5 47. gxf5 gxf5 48. Ng5 Rg3 49. Ne6 f4 50. c5 Rxe3+ 51. Kc4 f3 52. d6 Bxd6 53. cxd6 Kd7 54. Kd5 Rd3+ 55. Ke4 Ra3 56. Ng5 f2 57. Rf1 Rxa4+ 58. Kxe5 Ra2 59. Ne4 Re2 60. Kd5 a4 61. Nc5+ Kd8 62. Rb1 a3 63. Rb8# 1-0


[Site "https://www.chess.com"]

[Event "Titled Tuesday Blitz June 13 Late 2023"]
[White "Pap, Gyula"]
[Black "Fiorito, Joaquin"]
[WhiteFideId "725323"]
[BlackFideId "180173"]
[WhiteElo "2519"]
[BlackElo "2199"]
[Result "1-0"]
[Round "7"]
[TimeControl "180+2"]
[Date "2023.06.13"]
[WhiteClock "0:00:09"]
[BlackClock "0:00:06"]
[Board "33"]

1. d4 Nf6 2. c4 e6 3. Nc3 Bb4 4. Qb3 c5 5. dxc5 Bxc5 6. Nf3 O-O 7. Bg5 b6 8. e3 Bb7 9. Be2 Nc6 10. O-O a6 11. Rad1 Qc7 12. Bxf6 gxf6 13. Ne4 Be7 14. Qc3 Ne5 15. Ng3 Rac8 16. Nh5 Rfd8 17. Qd4 Nxf3+ 18. Bxf3 Bxf3 19. gxf3 Qe5 20. Ng3 Qxd4 21. Rxd4 Bc5 22. Rg4+ Kf8 23. Rh4 Bd6 24. b3 Kg7 25. Nh5+ Kg6 26. Kh1 Kg5 27. Rh3 Kf5 28. Rd1 Bc5 29. Ng7+ Ke5 30. f4+ Ke4 31. Nh5 Kf5 32. Ng7+ Ke4 33. Nh5 d5 34. Ng3+ Kf3 35. Kg1 dxc4 36. Re1 Rg8 37. Kf1 Kg4 38. Rxh7 Rh8 39. Rxh8 Rxh8 40. Kg2 c3 41. Rc1 Bb4 42. a3 Bxa3 43. Rxc3 Bc5 44. Rc4 f5 45. b4 Bd6 46. Rd4 Rd8 47. h3+ Kh4 48. Rc4 b5 49. Rc6 Bxb4 50. Rxa6 Bc5 51. Rc6 Bd6 52. Rb6 b4 53. Rb7 Rf8 54. Rd7 Bc5 55. Rc7 Bd6 56. Rd7 Bc5 57. e4 b3 58. Rb7 fxe4 59. Nxe4 Bd4 60. Rxb3 Kh5 61. Ng3+ Kg6 62. Rb4 Bc3 63. Rc4 Ba1 64. Rc6 Kf6 65. f5 Be5 66. fxe6 fxe6 67. Rc4 Rg8 68. Rg4 Rc8 69. Ne4+ Kf5 70. Ng3+ Kf6 71. h4 Rc2 72. Ne4+ Kf5 73. Kf3 Bf6 74. Rf4+ Ke5 75. Nxf6 Rc3+ 76. Kg4 Rc1 77. Ne4 Rg1+ 78. Ng3 Rh1 79. h5 Rb1 80. Re4+ Kd5 81. f3 Rb8 82. h6 Rf8 83. Nh5 Rg8+ 84. Kh4 Rh8 85. Kg5 Rg8+ 86. Kf6 Rf8+ 87. Kg7 Rxf3 88. Rg4 Rh3 89. Rg5+ Kd6 90. h7 e5 91. h8=Q e4 92. Qf8+ Kc6 93. Qf6+ Kb7 94. Qe7+ Ka8 95. Qd8+ Kb7 96. Rb5+ Kc6 97. Qd5+ Kc7 98. Rb7+ Kc8 99. Qd7# 1-0


[Site "https://www.chess.com"]

[Event "Titled Tuesday Blitz June 13 Late 2023"]
[White "Mekhitarian, Krikor Sevag"]
[Black "Schnaider, Ilan"]
[WhiteFideId "2107660"]
[BlackFideId "169013"]
[WhiteElo "2604"]
[BlackElo "2224"]
[Result "1-0"]
[Round "7"]
[TimeControl "180+2"]
[Date "2023.06.13"]
[WhiteClock "0:00:10"]
[BlackClock "0:00:02"]
[Board "34"]

1. Nf3 Nf6 2. c4 g6 3. Nc3 Bg7 4. e4 e5 5. Nxe5 O-O 6. Nf3 Re8 7. Bd3 c6 8. O-O d5 9. cxd5 cxd5 10. exd5 Nxd5 11. Bc4 Nb6 12. Bb3 Nc6 13. d4 Bg4 14. Be3 Rb8 15. h3 Bf5 16. a3 Na5 17. Ba2 Nac4 18. Bc1 Rc8 19. a4 Qd7 20. a5 Nxa5 21. Bxf7+ Qxf7 22. Rxa5 a6 23. Ne5 Bxe5 24. Rxe5 Nc4 25. Rxe8+ Rxe8 26. d5 Rd8 27. Qd4 b5 28. Bg5 Rd7 29. Re1 h5 30. b3 Nd6 31. Bf4 b4 32. Qxb4 Nb5 33. Nxb5 axb5 34. d6 Bc2 35. Be5 Bxb3 36. Qxb5 Bc4 37. Qb8+ Qf8 38. Qb2 Bd5 39. Qd4 Qf7 40. Qe3 Kh7 41. Qg5 Qe6 42. Re3 Rf7 43. Bf4 Qd7 44. Qh6+ Kg8 45. Qxg6+ Kf8 46. Bh6+ Rg7 47. Bxg7+ Qxg7 48. Re8# 1-0


[Site "https://www.chess.com"]

[Event "Titled Tuesday Blitz June 13 Late 2023"]
[White "Goltsev, Dmitry"]
[Black "Fiorito, Francisco"]
[WhiteFideId "24176710"]
[BlackFideId "180165"]
[WhiteElo "2356"]
[BlackElo "2319"]
[Result "1/2-1/2"]
[Round "7"]
[TimeControl "180+2"]
[Date "2023.06.13"]
[WhiteClock "0:00:07"]
[BlackClock "0:00:32"]
[Board "35"]

1. e4 c5 2. Nf3 Nc6 3. d4 cxd4 4. Nxd4 g6 5. Nc3 Bg7 6. Be3 Nf6 7. Be2 O-O 8. O-O d6 9. f4 a6 10. Bf3 Qa5 11. h3 Bd7 12. Qe1 e5 13. Nb3 Qc7 14. Qf2 exf4 15. Bxf4 Ne5 16. Rad1 Rfe8 17. Bg5 Bc6 18. Bxf6 Bxf6 19. Nd5 Bxd5 20. Rxd5 Bg7 21. c3 Rad8 22. Rfd1 Qe7 23. Na5 h5 24. Qb6 Qg5 25. Kh1 Qg3 26. Rf1 Nxf3 27. Rxf3 Qe1+ 28. Qg1 Qxe4 29. Rfd3 b5 30. Nb7 Be5 31. Nxd8 Rxd8 32. Qe3 Qh4 33. Rd1 Rc8 34. Qf3 Re8 35. Rf1 Qe7 36. Rdd1 Qe6 37. Qd5 Qe7 38. Rde1 Rf8 39. b3 Qg5 40. Rf3 Qh4 41. Ref1 Qe7 42. c4 bxc4 43. bxc4 Kg7 44. Rb3 Qg5 45. Rbf3 Qe7 46. Re1 Rc8 47. Ref1 Rf8 1/2-1/2


[Site "https://www.chess.com"]

[Event "Titled Tuesday Blitz June 13 Late 2023"]
[White "Koellner, Ruben Gideon"]
[Black "Gadimbayli, Abdulla"]
[WhiteFideId "12993093"]
[BlackFideId "13404938"]
[WhiteElo "2314"]
[BlackElo "2386"]
[Result "0-1"]
[Round "7"]
[TimeControl "180+2"]
[Date "2023.06.13"]
[WhiteClock "0:00:18"]
[BlackClock "0:00:23"]
[Board "36"]

1. d4 d5 2. Nf3 Nc6 3. e3 Bg4 4. Bb5 Qd6 5. c4 dxc4 6. Nc3 Nf6 7. h3 Bxf3 8. Qxf3 a6 9. Bxc4 e5 10. dxe5 Qxe5 11. O-O Bd6 12. Rd1 Qh2+ 13. Kf1 O-O 14. Nd5 Nd7 15. Bd2 Nde5 16. Qe4 Rae8 17. Bc3 Kh8 18. Bb3 f5 19. Qf4 Qh1+ 20. Ke2 Qxg2 21. Rg1 Qxh3 22. Rh1 Qg4+ 23. Qxg4 fxg4 24. Nf4 Rxf4 25. exf4 Ng6+ 26. Kd2 Nxf4 27. Rae1 Rf8 28. Bc2 Nh3 29. Re2 h6 30. f3 Bf4+ 31. Kd1 gxf3 32. Rxh3 fxe2+ 33. Kxe2 Be5 34. Be4 Bxc3 35. Bxc6 bxc6 36. Rxc3 Rf6 37. Ra3 c5 38. Rc3 Rf5 39. Ra3 Rf6 40. Rc3 Rg6 41. Kf2 Rb6 42. b3 Rb5 43. Rd3 Kh7 44. Rd7 Ra5 45. Rd2 c4 46. bxc4 Rf5+ 47. Ke3 h5 48. Rd7 c6 49. Rd6 Rf6 50. Rd8 h4 51. Rd4 h3 52. Rh4+ Rh6 53. Rxh6+ Kxh6 54. Kf3 g5 55. Kg3 g4 56. Kh2 Kg5 57. Kg3 Kf5 58. c5 Ke5 59. a4 Kd5 60. a5 Kxc5 61. Kh2 Kb5 62. Kg3 Kxa5 63. Kh2 Kb4 64. Kg3 a5 65. Kh2 a4 66. Kg3 a3 67. Kh2 a2 68. Kg3 c5 69. Kh2 c4 70. Kg3 a1=Q 71. Kh2 Qc3 72. Kg1 Qd2 73. Kh1 c3 74. Kg1 c2 75. Kh1 c1=Q# 0-1


[Site "https://www.chess.com"]

[Event "Titled Tuesday Blitz June 13 Late 2023"]
[White "Lashkin, Jegor"]
[Black "ATM622"]
[WhiteFideId "13907808"]
[WhiteElo "2368"]
[BlackElo "2608"]
[Result "1-0"]
[Round "7"]
[TimeControl "180+2"]
[Date "2023.06.13"]
[WhiteClock "0:01:58"]
[BlackClock "0:01:57"]
[Board "37"]

1. Nf3 d5 2. e3 Nf6 3. d4 e6 4. Bd3 c5 5. O-O Nc6 6. b3 Qc7 7. Bb2 cxd4 8. exd4 Be7 9. a3 O-O 10. Nbd2 b6 11. Qe2 Bb7 12. Rfe1 Rac8 13. Rac1 a5 14. c4 Rfd8 15. cxd5 exd5 16. Bf5 Ra8 17. Ne5 Qd6 18. Nxc6 Bxc6 19. Qxe7 1-0


[Site "https://www.chess.com"]

[Event "Titled Tuesday Blitz June 13 Late 2023"]
[White "Korkmaz, Necmettin"]
[Black "Hambleton, Aman"]
[WhiteFideId "6303285"]
[BlackFideId "2606577"]
[WhiteElo "2097"]
[BlackElo "2511"]
[Result "0-1"]
[Round "7"]
[TimeControl "180+2"]
[Date "2023.06.13"]
[WhiteClock "0:00:34"]
[BlackClock "0:00:01"]
[Board "38"]

1. e4 b6 2. d4 Bb7 3. Bd3 e6 4. Ne2 d5 5. e5 Ne7 6. O-O Ba6 7. c3 Bxd3 8. Qxd3 c5 9. f4 Qd7 10. Be3 Nf5 11. Bf2 h5 12. Ng3 c4 13. Qc2 Nc6 14. Nxf5 exf5 15. Bh4 Be7 16. Bxe7 Kxe7 17. Nd2 Rhc8 18. Rae1 Nd8 19. e6 Nxe6 20. Qxf5 g6 21. Qe5 Qd6 22. f5 gxf5 23. Qxf5 Rf8 24. Nf3 Kd7 25. Re5 Kc6 26. b3 b5 27. a4 a6 28. Ra1 Nc7 29. bxc4 bxc4 30. Qxh5 f6 31. Ree1 Rab8 32. Rab1 Rb3 33. a5 Rfb8 34. Rbc1 Rb2 35. Qh4 R8b5 36. Rf1 Rxa5 37. Ne1 Ne8 38. Qh8 Qe7 39. Rc2 Raa2 40. Rxb2 Rxb2 41. Nf3 a5 42. Qh7 Qxh7 43. Ra1 Qc2 0-1


[Site "https://www.chess.com"]

[Event "Titled Tuesday Blitz June 13 Late 2023"]
[White "Siddharth, Jagadeesh"]
[Black "Feng, Eric"]
[WhiteFideId "5818320"]
[BlackFideId "30952590"]
[WhiteElo "2303"]
[BlackElo "1785"]
[Result "1-0"]
[Round "7"]
[TimeControl "180+2"]
[Date "2023.06.13"]
[WhiteClock "0:00:48"]
[BlackClock "0:00:32"]
[Board "39"]

1. e4 c6 2. d4 d5 3. e5 c5 4. Nf3 cxd4 5. Qxd4 Nc6 6. Qf4 e6 7. Bd3 g6 8. O-O Bg7 9. Re1 Nge7 10. Qh4 Nf5 11. Qxd8+ Nxd8 12. Nc3 Bd7 13. Nb5 Bxb5 14. Bxb5+ Nc6 15. g4 Ne7 16. c3 a6 17. Bd3 h5 18. h3 Kd7 19. Kg2 Rae8 20. Bf4 Rhf8 21. Ng5 hxg4 22. hxg4 f6 23. exf6 Rxf6 24. Bg3 Nc8 25. Rad1 e5 26. Bc4 d4 27. cxd4 exd4 28. Rxe8 Kxe8 29. Re1+ Kd7 30. Be6+ Kd8 31. Nf7+ Ke7 32. Bh4 Nb6 33. Bb3+ Kf8 34. Bxf6 Bxf6 35. Nd6 Na5 36. Re8+ Kg7 37. Rg8+ Kh7 38. Rf8 Bg7 39. Bg8+ Kh6 40. Nf7# 1-0


[Site "https://www.chess.com"]

[Event "Titled Tuesday Blitz June 13 Late 2023"]
[White "Fernandez Guillen, Ernesto J."]
[Black "TimGrutter03"]
[WhiteFideId "3512428"]
[WhiteElo "2434"]
[BlackElo "2579"]
[Result "1-0"]
[Round "7"]
[TimeControl "180+2"]
[Date "2023.06.13"]
[WhiteClock "0:00:50"]
[BlackClock "0:00:11"]
[Board "40"]

1. e4 c6 2. d4 d5 3. e5 c5 4. dxc5 e6 5. a3 Nc6 6. Nf3 Bxc5 7. Bd3 Nge7 8. O-O Ng6 9. Re1 O-O 10. Nc3 Qc7 11. b4 Be7 12. Nb5 Qd8 13. Nbd4 Bd7 14. Nxc6 bxc6 15. Be3 a5 16. Qd2 Qc7 17. Bg5 Bxg5 18. Qxg5 c5 19. bxc5 Qxc5 20. h4 Qe7 21. Qg3 Rfb8 22. h5 Nf8 23. h6 g6 24. Qf4 Bb5 25. Nd4 Bxd3 26. Nc6 Qc7 27. Qf6 1-0


[Site "https://www.chess.com"]

[Event "Titled Tuesday Blitz June 13 Late 2023"]
[White "Mortazavi, Ali"]
[Black "Kuznetsov, Felix"]
[WhiteFideId "401323"]
[BlackFideId "34147990"]
[WhiteElo "2339"]
[BlackElo "2281"]
[Result "1-0"]
[Round "7"]
[TimeControl "180+2"]
[Date "2023.06.13"]
[WhiteClock "0:00:18"]
[BlackClock "0:00:01"]
[Board "41"]

1. Nf3 Nf6 2. g3 e6 3. Bg2 d5 4. O-O Be7 5. d3 O-O 6. Nbd2 b6 7. e4 dxe4 8. dxe4 Bb7 9. e5 Nd5 10. a3 c5 11. Re1 Nc6 12. h4 Rc8 13. Ne4 b5 14. Bg5 h6 15. Bxe7 Qxe7 16. c3 Rcd8 17. Qe2 a6 18. Rad1 b4 19. c4 Nb6 20. Nd6 a5 21. Qe3 Na4 22. Rd2 Ba6 23. Red1 Qc7 24. Kh2 Rd7 25. Nb5 Rxd2 26. Nxc7 Rxd1 27. Nxa6 Nxb2 28. Qxc5 bxa3 29. Qxa3 Nd3 30. Qa2 Ncxe5 31. Nxe5 Nxe5 32. Qe2 Rd6 33. c5 Rxa6 34. Qxa6 Rd8 35. Qxa5 Ng4+ 36. Kg1 Rd1+ 37. Bf1 Rc1 38. c6 Kh7 39. c7 g6 40. h5 e5 41. hxg6+ Kxg6 42. Kg2 f5 43. Qb6+ Kg5 44. Qb8 Rc2 45. c8=Q Ne3+ 46. Kh1 Rxf2 47. Qg8+ Kh5 48. Qbe8# 1-0


[Site "https://www.chess.com"]

[Event "Titled Tuesday Blitz June 13 Late 2023"]
[White "Bayo Milagro, Alvaro"]
[Black "Djordjevic, Vuk"]
[WhiteFideId "22275240"]
[BlackFideId "902098"]
[WhiteElo "2270"]
[BlackElo "2463"]
[Result "1-0"]
[Round "7"]
[TimeControl "180+2"]
[Date "2023.06.13"]
[WhiteClock "0:00:03"]
[BlackClock "0:00:00"]
[Board "42"]

1. d4 Nf6 2. Nf3 e6 3. c4 b6 4. a3 Bb7 5. Nc3 d5 6. cxd5 exd5 7. g3 Bd6 8. Bg2 O-O 9. O-O a6 10. Ne5 Re8 11. Bf4 Nbd7 12. Nc4 Bxf4 13. gxf4 Ne4 14. Nxe4 dxe4 15. e3 Rc8 16. Rc1 Re6 17. Ne5 Rh6 18. Qg4 Nf6 19. Qg5 Qd6 20. Qg3 Re8 21. Rc2 Re7 22. Rfc1 Bd5 23. Kh1 Ne8 24. Ng4 Rg6 25. Qh4 f6 26. h3 Qe6 27. Qh5 c6 28. f5 Qf7 29. fxg6 hxg6 30. Qh4 Nd6 31. Qg3 Qe6 32. Rxc6 Bxc6 33. Rxc6 Rd7 34. Rxb6 1-0


[Site "https://www.chess.com"]

[Event "Titled Tuesday Blitz June 13 Late 2023"]
[White "Nazari, Arad"]
[Black "ElDivis"]
[WhiteFideId "12577324"]
[WhiteElo "2175"]
[BlackElo "2559"]
[Result "1-0"]
[Round "7"]
[TimeControl "180+2"]
[Date "2023.06.13"]
[WhiteClock "0:02:09"]
[BlackClock "0:00:00"]
[Board "43"]

1. e4 c5 2. Nf3 d6 3. Bb5+ Bd7 4. Bxd7+ Qxd7 5. O-O Nf6 6. Re1 Nc6 7. c3 e6 8. d4 cxd4 9. cxd4 d5 10. e5 Ne4 11. a3 Be7 12. Qd3 O-O 13. Nbd2 Nxd2 14. Bxd2 Rac8 15. Re3 f5 16. exf6 Bxf6 17. Rae1 Rce8 18. Bc3 Qf7 19. Qe2 Qh5 20. Rxe6 Rxe6 21. Qxe6+ Qf7 22. h3 Qxe6 23. Rxe6 Rd8 24. g4 h6 25. h4 Kf7 26. Re3 Rd6 27. Kg2 Re6 28. Kg3 Rxe3 29. fxe3 Be7 30. Ne1 Bd6+ 31. Kf3 Be7 32. Ng2 g5 33. hxg5 hxg5 34. Ne1 Ke6 35. Nd3 b6 36. b4 Bd6 37. Be1 a5 38. b5 Na7 39. a4 Nc8 40. e4 Ne7 41. e5 Ba3 42. Bd2 Ng6 43. Bxg5 Nf8 44. Nf4+ Kf7 45. Bh6 Ne6 46. Nxe6 Kxe6 47. Be3 Bf8 48. Kf4 Bh6+ 49. g5 Bg7 50. Kg4 Bf8 51. Kh5 Kf5 52. g6 Ke4 53. Bh6 1-0


[Site "https://www.chess.com"]

[Event "Titled Tuesday Blitz June 13 Late 2023"]
[White "Tristan, Leonardo"]
[Black "Zavgorodniy, Sergiy"]
[WhiteFideId "113816"]
[BlackFideId "14110148"]
[WhiteElo "2461"]
[BlackElo "2402"]
[Result "1/2-1/2"]
[Round "7"]
[TimeControl "180+2"]
[Date "2023.06.13"]
[WhiteClock "0:00:07"]
[BlackClock "0:00:28"]
[Board "44"]

1. d4 d5 2. Nf3 Nf6 3. Bf4 e6 4. e3 c5 5. Nbd2 Bd6 6. Bb5+ Nc6 7. Bg3 O-O 8. c3 cxd4 9. exd4 Ne7 10. Bd3 b6 11. Bxd6 Qxd6 12. Ne5 Ng6 13. Ndf3 a5 14. O-O Ba6 15. Bxa6 Rxa6 16. Qd3 Ra7 17. a4 Rc7 18. Rfe1 Ne4 19. Nxg6 hxg6 20. Ne5 Rb8 21. Re2 Nf6 22. Qb5 Nd7 23. Nd3 Qc6 24. Qxc6 Rxc6 25. g4 g5 26. Kg2 Kf8 27. Kg3 Ke7 28. h4 gxh4+ 29. Kxh4 Rh8+ 30. Kg3 Kd6 31. g5 Rcc8 32. Rae1 Rh5 33. Kg4 Rch8 34. Nf4 Rh4+ 35. Kg3 g6 36. f3 Nf8 37. b3 Rh1 38. c4 dxc4 39. bxc4 Nd7 40. Nd3 R8h5 41. Rxh1 Rxh1 42. Rc2 e5 43. dxe5+ Nxe5 44. Nxe5 Kxe5 45. c5 bxc5 46. Rxc5+ Ke6 47. Rxa5 Ra1 48. Kg4 Ra3 49. Ra6+ Ke7 50. Kf4 Ra1 51. Ra7+ Ke6 52. Ra6+ Ke7 53. a5 Ra4+ 54. Ke5 Ra3 55. Ra7+ Kf8 56. f4 Re3+ 57. Kd4 Rf3 58. Ke4 Ra3 59. a6 Ra5 60. Kd4 Kg7 61. Ra8 Ra4+ 62. Ke5 Ra5+ 63. Kd6 Ra4 64. Kc6 Rxf4 65. Kb6 Rb4+ 66. Kc5 Ra4 67. Kb6 Rb4+ 68. Ka7 f5 69. gxf6+ Kxf6 70. Rb8 Ra4 71. Rb6+ Kf5 72. Rb5+ Kf4 73. Kb6 Rxa6+ 74. Kxa6 g5 75. Rb8 g4 76. Rf8+ Ke3 77. Re8+ Kf2 78. Rf8+ Ke2 79. Re8+ Kf2 80. Rf8+ Ke2 81. Kb5 g3 82. Kc4 g2 83. Rg8 Kf1 84. Rf8+ Ke2 85. Re8+ Kf1 86. Rf8+ Ke2 1/2-1/2


[Site "https://www.chess.com"]

[Event "Titled Tuesday Blitz June 13 Late 2023"]
[White "Wieczorek, Oskar"]
[Black "Badelka, Olga"]
[WhiteFideId "1133950"]
[BlackFideId "13509926"]
[WhiteElo "2418"]
[BlackElo "2375"]
[Result "1-0"]
[Round "7"]
[TimeControl "180+2"]
[Date "2023.06.13"]
[WhiteClock "0:00:40"]
[BlackClock "0:00:00"]
[Board "45"]

1. b3 d5 2. Ba3 g6 3. e3 Bg7 4. d4 Nf6 5. Nf3 O-O 6. Be2 a5 7. O-O a4 8. b4 Bg4 9. c4 c6 10. Nbd2 Nbd7 11. Rb1 dxc4 12. Nxc4 Nd5 13. Qc2 Rc8 14. h3 Bxf3 15. Bxf3 b5 16. Na5 Nb8 17. Nb7 Qc7 18. Nc5 Rfd8 19. Rfd1 e5 20. Bg4 f5 21. Ne6 Qe7 22. Nxd8 fxg4 23. dxe5 Rxd8 24. hxg4 Bxe5 25. Rd3 Qh4 26. g3 Qxg4 27. Rbd1 Rf8 28. Qd2 1-0


[Site "https://www.chess.com"]

[Event "Titled Tuesday Blitz June 13 Late 2023"]
[White "HamedWafa4"]
[Black "Gokerkan, Cem Kaan"]
[BlackFideId "6336760"]
[WhiteElo "2541"]
[BlackElo "2365"]
[Result "1-0"]
[Round "7"]
[TimeControl "180+2"]
[Date "2023.06.13"]
[WhiteClock "0:00:50"]
[BlackClock "0:00:00"]
[Board "46"]

1. e4 c5 2. Nf3 e6 3. d4 cxd4 4. Nxd4 Nf6 5. Nc3 Nc6 6. Ndb5 Bc5 7. Bf4 O-O 8. Bc7 Qe7 9. Bd6 Bxd6 10. Qxd6 Qd8 11. Be2 a6 12. Nd4 Ne7 13. O-O-O b5 14. Bf3 Ne8 15. Qb4 d6 16. Nce2 e5 17. Nf5 Nxf5 18. exf5 Rb8 19. g4 a5 20. Qd2 b4 21. Ng3 a4 22. Kb1 Qc7 23. h4 Rb6 24. h5 a3 25. b3 h6 26. g5 hxg5 27. h6 Qc3 28. Qxc3 bxc3 29. hxg7 Kxg7 30. Nh5+ Kg8 31. f6 g4 32. Bxg4 Bxg4 33. Rdg1 Rb4 34. f4 Nxf6 35. Nxf6+ Kg7 36. Nxg4 Rxf4 37. Ne3+ Kf6 38. Nd5+ Kf5 39. Nxf4 Kxf4 40. Rh4+ Ke3 41. Rg3+ Kf2 42. Rxc3 f5 43. Rh2+ Kg1 44. Rd2 f4 45. Rd1+ Kf2 46. Rxd6 f3 47. Re6 Rf5 48. Rc5 Rg5 49. c4 Kg2 50. Rcxe5 Rg3 51. Rf5 f2 52. Re2 1-0


[Site "https://www.chess.com"]

[Event "Titled Tuesday Blitz June 13 Late 2023"]
[White "Haszon, David"]
[Black "Katz, Alexander"]
[WhiteFideId "733610"]
[BlackFideId "2039796"]
[WhiteElo "2210"]
[BlackElo "2389"]
[Result "0-1"]
[Round "7"]
[TimeControl "180+2"]
[Date "2023.06.13"]
[WhiteClock "0:00:17"]
[BlackClock "0:00:49"]
[Board "47"]

1. d4 Nf6 2. Nf3 d5 3. Bf4 Bf5 4. e3 e6 5. c4 Bb4+ 6. Nbd2 O-O 7. Qb3 c5 8. dxc5 Nc6 9. Be2 Ne4 10. Qd1 dxc4 11. a3 Ba5 12. Bxc4 e5 13. Bg3 Nxg3 14. hxg3 e4 15. Nh4 Bg4 16. Qxg4 Qxd2+ 17. Kf1 Qxb2 18. Rd1 Rad8 19. Rxd8 Rxd8 20. Kg1 Ne5 21. Qxe4 Rd1+ 22. Kh2 Rxh1+ 23. Kxh1 h5 24. Bd5 Qc1+ 25. Kh2 Ng4+ 26. Kh3 Qh1# 0-1


[Site "https://www.chess.com"]

[Event "Titled Tuesday Blitz June 13 Late 2023"]
[White "Arabidze, Meri"]
[Black "benny_aizenberg"]
[WhiteFideId "13604040"]
[WhiteElo "2405"]
[BlackElo "2679"]
[Result "0-1"]
[Round "7"]
[TimeControl "180+2"]
[Date "2023.06.13"]
[WhiteClock "0:01:24"]
[BlackClock "0:01:02"]
[Board "48"]

1. d4 Nf6 2. c4 e6 3. Nf3 d5 4. Nc3 dxc4 5. e3 c5 6. Bxc4 a6 7. a4 Nc6 8. O-O cxd4 9. exd4 Be7 10. Be3 Nb4 11. Ne5 O-O 12. Qf3 Nfd5 13. Ne4 f6 14. Nd3 Nxd3 15. Bxd3 Bd7 16. Nc5 Bxc5 17. dxc5 Bc6 18. Qh3 f5 19. Rfd1 Qf6 20. b3 Rad8 21. Bc4 Nc3 22. Rxd8 Rxd8 23. Re1 Bd5 24. Bg5 Qxg5 25. Qxc3 Qxg2# 0-1


[Site "https://www.chess.com"]

[Event "Titled Tuesday Blitz June 13 Late 2023"]
[White "Kucuksari, Kaan"]
[Black "Dudzinski, Pawel"]
[WhiteFideId "6380166"]
[BlackFideId "1117890"]
[WhiteElo "2364"]
[BlackElo "2099"]
[Result "1-0"]
[Round "7"]
[TimeControl "180+2"]
[Date "2023.06.13"]
[WhiteClock "0:00:12"]
[BlackClock "0:00:00"]
[Board "49"]

1. e4 c6 2. d4 d5 3. Nc3 g6 4. e5 Bg7 5. f4 h5 6. Nf3 Bg4 7. Be2 e6 8. O-O Qb6 9. Be3 Qxb2 10. Qd2 Qb6 11. Rab1 Qc7 12. Rb3 Nd7 13. Rfb1 b6 14. Ng5 Bxe2 15. Nxe2 Bh6 16. f5 gxf5 17. Nf3 O-O-O 18. a4 Nf8 19. Nc3 Kd7 20. a5 Rb8 21. Na4 b5 22. Nc5+ Ke8 23. Na6 Qb7 24. Nxb8 Qxb8 25. Rc3 Kd7 26. Rc5 a6 27. c4 Bxe3+ 28. Qxe3 Ne7 29. cxb5 axb5 30. a6 Nfg6 31. Qa3 Qb6 32. Ng5 Ra8 33. Ra1 Ke8 34. Nh7 f4 35. Nf6+ Kd8 36. Kh1 Nf8 37. a7 Nd7 38. Rcc1 Nxf6 39. exf6 Ng6 40. Qd6+ Ke8 41. Rxc6 Rxa7 42. Rc8+ 1-0


[Site "https://www.chess.com"]

[Event "Titled Tuesday Blitz June 13 Late 2023"]
[White "Karas, Marek"]
[Black "Mika, Tomasz"]
[WhiteFideId "14928558"]
[BlackFideId "1132970"]
[WhiteElo "2229"]
[BlackElo "2186"]
[Result "0-1"]
[Round "7"]
[TimeControl "180+2"]
[Date "2023.06.13"]
[WhiteClock "0:00:30"]
[BlackClock "0:00:41"]
[Board "50"]

1. b3 Nf6 2. Bb2 g6 3. Bxf6 exf6 4. c4 Bg7 5. Nc3 O-O 6. e3 d6 7. Nge2 b6 8. d4 Bb7 9. Qc2 f5 10. Rg1 Nd7 11. g3 Nf6 12. Bg2 Qc8 13. Nd5 Re8 14. Nxf6+ Bxf6 15. O-O-O a5 16. a4 Bxg2 17. Rxg2 Qb7 18. Rgg1 c6 19. d5 c5 20. Kb1 Qe7 21. h4 Qe5 22. Ka2 h5 23. Nf4 Bg7 24. Nd3 Qf6 25. Rge1 Re4 26. Re2 Rae8 27. Qb2 Qxb2+ 28. Nxb2 f4 29. Rd3 fxe3 30. f3 Rd4 31. Kb1 Re5 32. Rdxe3 Rxe3 33. Rxe3 Rd2 34. Nd3 Bd4 35. Re8+ Kg7 36. Nc1 Rb2+ 37. Ka1 Re2+ 0-1


[Site "https://www.chess.com"]

[Event "Titled Tuesday Blitz June 13 Late 2023"]
[White "Sztokbant, Bernardo Vainzoff"]
[Black "Ibarra Jerez, Jose Carlos"]
[WhiteFideId "2115956"]
[BlackFideId "2226332"]
[WhiteElo "2222"]
[BlackElo "2631"]
[Result "0-1"]
[Round "7"]
[TimeControl "180+2"]
[Date "2023.06.13"]
[WhiteClock "0:00:00"]
[BlackClock "0:00:10"]
[Board "51"]

1. e4 c5 2. Nf3 e6 3. d4 cxd4 4. Nxd4 Bc5 5. Nb3 Bb6 6. Nc3 Ne7 7. Bd3 O-O 8. O-O f5 9. Qe2 f4 10. Kh1 f3 11. gxf3 Ng6 12. e5 Nc6 13. Bxg6 hxg6 14. Rg1 Rf5 15. f4 d6 16. exd6 Qxd6 17. Ne4 Qf8 18. Be3 Ne7 19. Nd6 Rh5 20. Rg2 Bd7 21. Bxb6 axb6 22. Nd4 Qxf4 23. Ne4 Rf8 24. Rag1 Nf5 25. Nxf5 exf5 26. Ng3 Rh3 27. f3 Re8 28. Qd2 Qxd2 29. Rxd2 Bc6 30. Kg2 Rh4 31. Kf2 Rc4 32. c3 Rc5 33. Ne2 Kf7 34. Nf4 Rh8 35. Rg2 Rh6 36. h3 Ra5 37. a3 Ra4 38. Nd3 Rxh3 39. Ne5+ Kf6 40. Rg3 Rxg3 41. Kxg3 Kxe5 42. f4+ Kf6 43. Rd6+ Kf7 0-1


[Site "https://www.chess.com"]

[Event "Titled Tuesday Blitz June 13 Late 2023"]
[White "Chigaev, Maksim"]
[Black "Mendez Fortes, Eduardo Jesus"]
[WhiteFideId "4108116"]
[BlackFideId "3502376"]
[WhiteElo "2561"]
[BlackElo "2307"]
[Result "1-0"]
[Round "7"]
[TimeControl "180+2"]
[Date "2023.06.13"]
[WhiteClock "0:00:45"]
[BlackClock "0:01:01"]
[Board "52"]

1. d4 Nf6 2. c4 e6 3. g3 d5 4. Bg2 dxc4 5. Nf3 a6 6. a4 Nc6 7. O-O Na5 8. Nbd2 c5 9. dxc5 Bxc5 10. Ne5 O-O 11. Ndxc4 Nxc4 12. Nxc4 Qe7 13. b3 e5 14. Bb2 Rd8 15. Qc2 Bd4 16. Rfd1 Be6 17. e3 Bxc4 18. exd4 Bd5 19. dxe5 Bxg2 20. exf6 Qe4 21. Qxe4 Bxe4 22. fxg7 Bc2 23. Rxd8+ Rxd8 24. Rc1 Be4 25. Bf6 Ra8 26. a5 Bd5 27. b4 Re8 28. g4 h6 29. h3 Kh7 30. Kh2 Kg6 31. Bd4 Bc6 32. Rc5 Kh7 33. Rh5 Re4 34. Rxh6+ Kxh6 35. g8=Q Rxd4 36. Qh8+ 1-0


[Site "https://www.chess.com"]